 Dungeon Crawl Stone Soup version 0.21.1-1-g345015f (webtiles) character file.

2767 Jawreze the Basher (level 9, -2/51 HPs)
             Began as a Gargoyle Fighter on June 1, 2018.
             Was a Believer of the Shining One.
             Slain by Prince Ribbit (11 damage)
             ... on level 8 of the Dungeon.
             The game lasted 00:29:00 (8236 turns).

Jawreze the Basher (Gargoyle Fighter)               Turns: 8236, Time: 00:29:00

Health: -2/51      AC: 16    Str: 21    XL:     9   Next: 69%
Magic:  9/9        EV:  8    Int: 11    God:    the Shining One [**....]
Gold:   100        SH: 12    Dex:  9    Spells: 8/8 levels left

rFire    . . .     SeeInvis .   a - +1 flail
rCold    + . .     Gourm    .   c - +1 shield
rNeg     + + .     Faith    .   d - +2 scale mail {rC+}
rPois    ∞         Spirit   .   H - +0 helmet
rElec    +         Reflect  .   (no cloak)
rCorr    .         Harm     .   (no gloves)
MR       .....                  (no boots)
Stlth    ..........             (no amulet)
HPRegen  0.17/turn              (no ring)
MPRegen  0.11/turn              (no ring)

@: glowing
A: negative energy resistance 1, electricity resistance, unbreathing,
petrification resistance, rot immunity, AC +6
a: Divine Shield, Renounce Religion


You were on level 8 of the Dungeon.
You worshipped the Shining One.
The Shining One was pleased with you.
You were not hungry.

You visited 2 branches of the dungeon, and saw 9 of its levels.

You collected 343 gold pieces.
You spent 225 gold pieces at shops.
You donated 18 gold pieces to Zin.

Inventory:

Hand Weapons
 a - a +1 flail (weapon)
Missiles
 w - 230 stones (quivered)
Armour
 b - a +0 scale mail
 c - a +1 shield (worn)
 d - a +2 scale mail of cold resistance (worn)
 H - a +0 helmet (worn)
Jewellery
 e - a +3 ring of strength {unknown}
 j - an uncursed ring of stealth {unknown}
 u - an uncursed ring of see invisible {unknown}
 G - a cursed ring of loudness {unknown}
Wands
 r - a wand of digging (12)
 t - a wand of disintegration (9)
 y - a wand of flame (16)
 E - a wand of polymorph (7)
Scrolls
 h - a scroll of fog
 l - 2 scrolls of remove curse
 n - 5 scrolls of identify
 o - a scroll of teleportation
 p - a scroll of enchant weapon
 F - a scroll of silence {unknown}
Potions
 g - a potion of magic {unknown}
 i - 2 potions of heal wounds {unknown}
 k - 3 potions of brilliance {unknown}
 q - 4 potions of berserk rage
 s - a potion of flight {unknown}
 v - 7 potions of mutation {unknown}
 x - a potion of might
 z - a potion of curing
 B - a potion of haste {unknown}
 D - a potion of ambrosia {unknown}
 I - a potion of agility {unknown}
Books
 m - a book of Changes

   Spells                             Type                      Level
   a - Beastly Appendage              Transmutation                1
   b - Sticks to Snakes               Transmutation                2
   c - Spider Form                    Transmutation/Poison         3
   d - Ice Form                       Ice/Transmutation            4
   e - Blade Hands                    Transmutation                5
 J - a book of Battle

   Spells                             Type                      Level
   a - Infusion                       Charms                       1
   b - Shroud of Golubria             Charms/Translocation         2
   c - Song of Slaying                Charms                       2
   d - Spectral Weapon                Hexes/Charms                 3
   e - Regeneration                   Charms/Necromancy            3
Comestibles
 f - 18 rations


   Skills:
 - Level 3.2 Fighting
 * Level 10.7 Maces & Flails
 - Level 3.2 Armour
 + Level 8.9 Shields


You had 8 spell levels left.
You didn't know any spells.

Dungeon Overview and Level Annotations

Branches:
Dungeon (8/15)             Temple (1/1) D:4
   Lair: D:8-11

Altars:
Ashenzari
Cheibriados
Dithmenos
Elyvilon
Fedhas
Gozag
Hepliaklqana
Kikubaaqudgha
Makhleb
Nemelex Xobeh
Okawaru
Qazlal
Sif Muna
Trog
Uskayaw
Vehumet
Wu Jian
Xom
Yredelemnul
Zin
The Shining One

Shops:
D:7 !

Annotations:
D:8 Pikel, Prince Ribbit


Innate Abilities, Weirdness & Mutations

You are resistant to torment.
Your stone body is resilient. (AC +6)
You are immune to poison.
You resist negative energy. (rN+)
You are resistant to electric shocks. (rElec)
You can survive without breathing.
You are immune to petrification.
You are immune to rotting.


Message History

The bolt of electricity hits the plant.
The bolt of electricity hits you! You resist.
* * * LOW HITPOINT WARNING * * *
The bolt of electricity hits you! You resist.
* * * LOW HITPOINT WARNING * * *
Found 14 arrows.
The electric eel shoots out a bolt of lightning at you!
The bolt of electricity hits the plant.
The bolt of electricity hits you! You resist.
* * * LOW HITPOINT WARNING * * *
Unknown command.
Prince Ribbit comes into view.
Prince Ribbit gives a loud, deep croak!
You hear an angry hiss.
An adder comes into view.
Prince Ribbit blinks!
You block the two-headed ogre's attack.
The two-headed ogre hits you but does no damage.
Found a stone staircase leading up.
Prince Ribbit hits you!
You die...

.# .# # .# .# .# ##.#
.... .<. .### ## ...
#. #.#
######.#####..# ..
.S....(.#OF@.# ..
#..J#### ..
###...##### ##
#..........
#..........
#####.#≈PP.....≈ ##
#.....#≈P≈≈≈≈≈P≈
.#####.....#≈≈≈P≈≈≈≈≈
...........#≈PP≈≈≈≈≈P


You could see a two-headed ogre, Prince Ribbit and a jelly.

Vanquished Creatures
  The ghost of 4thArraOfDagon the Ruffian, a novice TrNe of Cheibriados (D:4)
  A spriggan (D:7)
  A sky beast (D:6)
  A necrophage (D:5)
  An orc warrior (D:8)
  A phantom (D:7)
  7 ogres
  A centaur (D:5)
  2 bullfrogs (D:6)
  3 scorpions
  5 wights
  2 crimson imps
  A centaur zombie (D:6)
  3 hounds (D:5)
  2 orc priests (D:3)
  A jelly (D:5)
  4 orc wizards
  Ijyb (D:3)
  Natasha (thrice) (D:3 D:5)
  4 worker ants
  A killer bee zombie (D:6)
  A hound skeleton (D:5)
  A worker ant zombie (D:6)
  9 adders
  An adder skeleton (D:4)
  An adder zombie (D:5)
  2 worms
  3 dart slugs
  A leopard gecko (D:5)
  10 orcs
  2 ball pythons
  5 giant cockroaches
  12 goblins
  9 hobgoblins
  6 jackals
  2 quokkas
  4 bats
  4 frilled lizards
  6 kobolds
  A leopard gecko zombie (D:5)
  2 quokka skeletons (D:5)
  6 rats
  A butterfly (D:4)
135 creatures vanquished.

Vanquished Creatures (others)
  6 plants (D:8)
6 creatures vanquished.

Grand Total: 141 creatures vanquished

Notes
Turn   | Place    | Note
-------+----------+-------------------------------------------
     0 | D:1      | Jawreze the Gargoyle Fighter began the quest for the Orb.
     0 | D:1      | Reached XP level 1. HP: 14/14 MP: 1/1
   113 | D:1      | Reached XP level 2. HP: 19/19 MP: 2/2
   552 | D:1      | Reached skill level 3 in Maces & Flails
   570 | D:1      | Reached XP level 3. HP: 22/23 MP: 3/3
  1032 | D:2      | Noticed an angel
  1033 | D:2      | Found a glowing silver altar of Zin.
  1033 | D:2      | Found a shimmering altar of Xom.
  1041 | D:2      | Became a worshipper of Zin the Law-Giver
  1041 | D:2      | Reached * piety under Zin
  1103 | D:2      | Found an opulent altar of Gozag.
  1324 | D:2      | Reached XP level 4. HP: 26/28 MP: 4/4
  1624 | D:3      | Found a stormy altar of Qazlal.
  1624 | D:3      | Noticed Ijyb
  1637 | D:3      | Killed Ijyb
  1637 | D:3      | Reached skill level 4 in Maces & Flails
  1756 | D:3      | Reached XP level 5. HP: 27/32 MP: 5/5
  2091 | D:3      | Noticed Natasha
  2092 | D:3      | Reached skill level 5 in Maces & Flails
  2099 | D:3      | Reached XP level 6. HP: 37/37 MP: 6/6
  2135 | D:3      | Killed Natasha
  2348 | D:3      | Noticed Natasha
  2360 | D:3      | Killed Natasha
  2360 | D:3      | Reached skill level 5 in Shields
  2979 | D:4      | Found a staircase to the Ecumenical Temple.
  2999 | Temple   | Entered the Ecumenical Temple
  3006 | Temple   | Fell from the grace of Zin
  3006 | Temple   | Became a worshipper of the Shining One
  3236 | D:4      | Found a basalt altar of Yredelemnul.
  3247 | D:4      | Noticed 4thArraOfDagon's ghost (novice TrNe)
  3875 | D:5      | Entered Level 5 of the Dungeon
  3982 | D:5      | Found a hide-covered altar of Uskayaw.
  4014 | D:5      | Noticed a necrophage
  4021 | D:5      | Reached skill level 6 in Maces & Flails
  4021 | D:5      | Reached XP level 7. HP: 29/41 MP: 7/7
  4052 | D:5      | Noticed Natasha
  4052 | D:5      | Reached * piety under the Shining One
  4060 | D:5      | Killed Natasha
  4991 | D:4      | Reached skill level 7 in Maces & Flails
  5414 | D:5      | Reached XP level 8. HP: 40/46 MP: 8/8
  5467 | D:5      | Found an iron altar of Okawaru.
  5526 | D:5      | Noticed a hand axe
  5526 | D:5      | Noticed a dagger
  5789 | D:5      | Reached skill level 8 in Maces & Flails
  5979 | D:4      | Killed 4thArraOfDagon's ghost
  6241 | D:6      | Reached skill level 9 in Maces & Flails
  6727 | D:6      | Reached XP level 9. HP: 51/51 MP: 9/9
  7188 | D:7      | Reached ** piety under the Shining One
  7400 | D:7      | Found Yjoacwina's Distillery.
  7412 | D:7      | Bought 2 potions of berserk rage for 150 gold pieces
  7412 | D:7      | Bought a potion of berserk rage for 75 gold pieces
  7529 | D:7      | Reached skill level 10 in Maces & Flails
  7606 | D:7      | Found a blossoming altar of Fedhas.
  8170 | D:8      | Noticed a two-headed ogre
  8185 | D:8      | Noticed Pikel
  8232 | D:8      | Noticed Prince Ribbit
  8236 | D:8      | Slain by Prince Ribbit

Skill      XL: |  1  2  3  4  5  6  7  8  9 |
---------------+----------------------------+-----
Maces & Flails | 3 4 5 6 7 9 10 | 10.7
Shields        | 4 5 6 7 8 |  8.9
Fighting       | |  3.2
Armour         | |  3.2

Action                   |  1- 3 |  4- 6 |  7- 9 || total
-------------------------+-------+-------+-------++-------
Melee: Flail             |   130 |   226 |   273 ||   629
Throw: Stone             |       |     2 |     4 ||     6
       Javelin           |       |       |    32 ||    32
  Use: Potion            |       |     3 |       ||     3
       Scroll            |       |       |     9 ||     9
  Eat: Chunk             |     1 |     7 |     9 ||    17
       Ration            |       |     1 |     1 ||     2
Armor: Scale mail        |    76 |    93 |    68 ||   237
Dodge: Dodged            |    45 |    59 |    71 ||   175
Block: Shield            |    62 |    89 |   112 ||   263
